Unix NetHack Version 3.7.0-101 Work-in-progress - last build Mar 4 2024 02:26:32 (3c4ac04b664b9ee0831c739617f054b5b60dbfd1,branch:master). Game began 2024-03-07 11:15:24, ended 2024-03-07 11:43:19. MalkMcJorma, chaotic male elven Ranger 0 ---. . . ------- -.|. ..... |.|. .%*.. |.|. | ..%.. |.|. -----. ... --+--.|. ..- -.....--*..- ... .|.| .... ..%){.....0 ..)|.| ..... ......... ..|.| |...... -......---- -.|[| --....... |....).|..| |.#.- ------... .... |...@...[)| |.|.. --.--.......... |......|0 | |)|.- |.............. -......------------.|.------....>.-..|.... 0...........0............%%[[..)%[........---... --------#------------------.------.|.....-- ---- .. 0..| --- .|..| MalkMcJorma the Trailblazer St:13 Dx:12 Co:15 In:13 Wi:15 Ch:8 Chaotic Dlvl:5 $:183 HP:0(38) Pw:36(36) AC:5 Xp:6/606 T:2053 Latest messages: The 1st elven arrow hits the orc-captain! The 2nd elven arrow hits the orc-captain! The 3rd elven arrow hits the orc-captain! The orc-captain picks up an uncursed +0 elven arrow. In what direction? You shoot 4 elven arrows. The 1st elven arrow hits the orc-captain! The 2nd elven arrow hits the orc-captain! You kill the orc-captain! d - 2 uncursed +0 elven arrows (in quiver) (13 in total). R - a poisoned orcish arrow. Ogzagris of Ogthosa zaps a wand of magic missile! The magic missile hits you! d - 3 uncursed +0 elven arrows (in quiver) (16 in total). In what direction? You shoot 4 elven arrows. The 1st elven arrow hits Ogzagris of Ogthosa! The 2nd elven arrow hits Ogzagris of Ogthosa! The 3rd elven arrow hits Ogzagris of Ogthosa. You kill Ogzagris of Ogthosa! d - an uncursed +0 elven arrow (in quiver) (13 in total). S - a wand of magic missile. You see here a wand of magic missile. T - a wand of magic missile. You see here 4 uncursed +0 elven arrows. d - 4 uncursed +0 elven arrows (in quiver) (17 in total). You see here an uncursed +0 elven arrow. d - an uncursed +0 elven arrow (in quiver) (18 in total). You see here an uncursed +0 elven arrow. d - an uncursed +0 elven arrow (in quiver) (19 in total). With great effort you move the boulder. In what direction? You shoot 3 elven arrows. The 1st elven arrow hits the gecko! You kill the gecko! You see here an uncursed +0 elven arrow. d - an uncursed +0 elven arrow (in quiver) (17 in total). You are hit by a poisoned orcish arrow! The poison doesn't seem to affect you. You are hit by a poisoned orcish arrow! Elf, your life force is running out. The poison doesn't seem to affect you. Aakhoggris of Ogthosa throws a crude dagger! A crude dagger misses you. In what direction? You shoot 2 elven arrows. The 1st elven arrow hits Aakhoggris of Ogthosa! You kill Aakhoggris of Ogthosa! You are hit by a poisoned orcish arrow! You die... Inventory: Coins ('$') $ - 183 gold pieces Amulets ('"') w - an uncursed amulet versus poison (being worn) Weapons (')') c - 31 blessed +2 elven arrows d - 15 uncursed +0 elven arrows (in quiver) R - an uncursed poisoned +0 orcish arrow b - an uncursed +1 elven bow (weapon in right hand) C - 48 uncursed +0 darts p - 14 uncursed +0 daggers m - an uncursed +0 elven dagger a - the uncursed +1 Sting Armor ('[') k - an uncursed +0 orcish helm (being worn) I - an uncursed +0 pair of elven boots (being worn) e - an uncursed +2 elven cloak (being worn) Comestibles ('%') f - 4 uncursed lembas wafers i - 2 uncursed tripe rations h - an uncursed lichen corpse Scrolls ('?') J - an uncursed scroll of create monster Wands ('/') S - an uncursed wand of magic missile (0:1) T - an uncursed wand of magic missile (0:0) Tools ('(') x - an uncursed +0 pick-axe (alternate weapon; not wielded) Q - an uncursed tallow candle Gems/Stones ('*') O - an uncursed amber stone P - 2 uncursed worthless pieces of blue glass M - 3 uncursed worthless pieces of green glass MalkMcJorma the Ranger's attributes: Background: You were a Trailblazer, a level 6 male elven Ranger. You were chaotic, on a mission for Mars who was opposed by Mercury (lawful) and Venus (neutral). You were right-handed. You were in the Gnomish Mines, on level 5. You entered the dungeon 2053 turns ago. You had 606 experience points, 34 more were needed to attain level 7. Basics: You had 0 out of 38 hit points. You had all 36 energy points (spell power). Your armor class was 5. Your wallet contained 183 zorkmids. Autopickup was off. Final Characteristics: Your strength was 13 (limit:18). Your dexterity was 12 (limit:18). Your constitution was 15 (limit:16). Your intelligence was 13 (limit:20). Your wisdom was 15 (limit:20). Your charisma was 8 (limit:18). Final Status: You weren't hungry. You were unencumbered. You were wielding a bow. You were skilled in bow. Final Attributes: You were piously aligned. You were sleep resistant. You were poison resistant. You were telepathic. You had automatic searching. You had infravision. You were stealthy. You were warded. You are dead. Miscellaneous: You disabled loading of bones levels. Total elapsed playing time was 27 minutes and 54 seconds. Major events: Turn 1: MalkMcJorma the chaotic male elven Ranger entered the dungeon 1: became literate by naming Sting 608: entered the Gnomish Mines 747: attained the rank of Lookout (level 3) 1839: reached Mine Town 1928: attained the rank of Trailblazer (level 6) 2053: killed by an orcish arrow Vanquished creatures: a small mimic 2 orc-captains a Mordor orc 4 orc shamans 5 gnome leaders a gnomish wizard a floating eye 4 dwarves 8 hill orcs a centipede 2 giant bats an iguana 2 hobbits 4 giant rats 14 gnomes 4 geckos 6 jackals a kobold 5 goblins 3 grid bugs 2 lichens 3 kobold zombies 3 newts 78 creatures vanquished. No species were genocided or became extinct. Voluntary challenges: You read items or engraved 3 times. You never engraved Elbereth. You never genocided any monsters. You never polymorphed an object. You never changed form. You used no wishes. Achievements: You entered the Gnomish Mines. You entered a shop. You attained the rank of Lookout. You entered Minetown. You attained the rank of Trailblazer. The Dungeons of Doom: levels 1 to 3 Level 1: Many fountains. Level 2: "Vault" An armor shop, an altar, a fountain. Stairs down to The Gnomish Mines. Level 3: The Gnomish Mines: levels 3 to 6 Level 3: Level 4: Level 5: <- You were here. An altar, a fountain. Final resting place for you, killed by an orcish arrow. Level 6: Game over: ---------- / \ / REST \ / IN \ / PEACE \ / \ | MalkMcJorma | | 183 Au | | killed by an | | orcish arrow | | | | | | 2024 | *| * * * | * _________)/\\_//(\/(/\)/\//\/|_)_______ Goodbye MalkMcJorma the Ranger... You died in The Gnomish Mines on dungeon level 5 with 2899 points, and 183 pieces of gold, after 2053 moves. You were level 6 with a maximum of 38 hit points when you died.